 Dungeon Crawl Stone Soup version 0.31-a0-246-g8cbcc1c (webtiles) character file.

Game seed: 4539391097516737405

697 Dawnplanks the Ruffian (level 7, -12/61 (65) HPs)
             Began as a Troll Shapeshifter on July 12, 2023.
             Was an Initiate of Ru.
             Mangled by a wight
             ... wielding a +1 long sword of freezing
              (15 damage)
             ... on level 5 of the Dungeon.
             The game lasted 00:05:11 (3488 turns).

Dawnplanks the Ruffian (Troll Shapeshifter)         Turns: 3488, Time: 00:05:12

HP:   -12/61 (65)   AC:  4    Str: 26    XL:     7   Next: 37%
MP:   6/6           EV: 10    Int:  4    God:    Ru [......]
Gold: 306           SH:  0    Dex: 10    Spells: 6/6 levels left

rFire   . .          .
                       - Unarmed
rCold   . . .        (no shield)
rNeg    . . .        a - +0 animal skin
rPois   .            (helmet currently unavailable)
rElec   .            (cloak currently unavailable)
rCorr   .            (gloves unavailable)
SInv    .            (boots unavailable)
Will    .....        (no amulet)
Stlth   +            (no ring)
HPRegen 1.10/turn    (no ring)
MPRegen 0.10/turn

%: no passive effects
@: beast-form, drained
A: beast (slay +3), large, unfitting armour, claws 3, regeneration 1, shaggy fur
1, tough skin 1
a: Renounce Religion


You were on level 5 of the Dungeon.
You worshipped Ru.
Ru was noncommittal.
You were a hulking beast.
You visited 2 branches of the dungeon, and saw 6 of its levels.

You collected 306 gold pieces.

Inventory:

Missiles
 v - a throwing net
Armour
 a - a +0 animal skin (worn)
 p - a +0 cloak
Talismans
 c - a beast talisman
Scrolls
 e - 5 scrolls of identify {unknown}
 g - 2 scrolls of enchant armour {unknown}
 h - 2 scrolls of immolation {unknown}
 i - 2 scrolls of revelation {unknown}
 j - 2 scrolls of blinking {unknown}
 l - a scroll of noise {unknown}
 n - a scroll of fog {unknown}
 o - a scroll of fear {unknown}
 s - a scroll of enchant weapon {unknown}
Potions
 b - 5 potions of lignification
 d - a potion of cancellation {unknown}
 f - a potion of degeneration {unknown}
 k - 2 potions of brilliance {unknown}
 m - 3 potions of heal wounds {unknown}
 q - 3 potions of curing {unknown}
 r - a potion of might {unknown}
 t - a potion of attraction {unknown}
 u - 2 potions of enlightenment {unknown}


   Skills:
 + Level 2.1 Fighting
 + Level 2.4 Dodging
 + Level 5.5 Unarmed Combat
 * Level 5.4 Shapeshifting


You had 6 spell levels left.
You didn't know any spells.
Your spell library contained the following spells:

 Spells                   Type           Power      Damage    Failure   Level
 Sting                    Tmut/Pois      0%         1d3       50%         1
 Poisonous Vapours        Pois/Air       0%         N/A       65%         2
 Portal Projectile        Hex/Tloc       0%         N/A       86%         3
 Tukima's Dance           Hex            0%         N/A       86%         3
 Iskenderun's Mystic Bla  Conj/Tloc      0%         2d3       99%         4
 Olgreb's Toxic Radiance  Pois           0%         N/A       99%         4


Dungeon Overview and Level Annotations

Branches:
Dungeon (5/15)             Temple (1/1) D:4

Altars:
Ashenzari
Cheibriados
Dithmenos
Gozag
Hepliaklqana
Nemelex Xobeh
Okawaru
Ru
Sif Muna
Trog
Uskayaw
Vehumet
Xom
Yredelemnul
Zin


Innate Abilities, Weirdness & Mutations

You are a hulking beast.
Your limbs bulge with bestial killing power. (Slay +3)
You are too large for most types of armour.
You have claws for hands.
Your natural rate of healing is unusually fast.
You are covered in fur. (AC +1)
You have tough skin. (AC +1)


Message History

Your life force feels restored.
You mangle the wight!!
You destroy the wight!
Things that are here:
a +3 halberd; a +0 robe A wight comes into view.
It is wielding a +1 long sword of freezing.
You see here a +2 whip of distortion.
You see here a hound corpse.
The wight hits you with a +1 long sword of freezing!
The wight freezes you.
You barely miss the wight.
The wight hits you with a +1 long sword of freezing.
The wight freezes you.
You scratch the wight but do no damage.
The wight hits you with a +1 long sword of freezing!
The wight freezes you.
You claw the wight!
The wight is severely damaged.
The wight hits you with a +1 long sword of freezing!
You feel drained. The wight freezes you.
You are too injured to fight recklessly!
You are too injured to fight recklessly!
You scratch the wight.
The wight is severely damaged.
The wight hits you with a +1 long sword of freezing!
* * * LOW HITPOINT WARNING * * *
You feel drained.
* * * LOW HITPOINT WARNING * * *
The wight freezes you.
* * * LOW HITPOINT WARNING * * *
You barely miss the wight.
The wight is severely damaged.
The wight hits you with a +1 long sword of freezing!
* * * LOW HITPOINT WARNING * * *
The wight freezes you.
* * * LOW HITPOINT WARNING * * *
You scratch the wight.
The wight is almost destroyed.
The wight hits you with a +1 long sword of freezing!
You die...

###.###.##..)....#
#######.###.##.......#
#...........##...รท...#
#......)....##.......#
#......)....##....####
#.....))....##....#
#....z.))...##....#
##...######z##....#
.....>### #h##....#
..... #.##....# ....
#.....### ... #######
.. .


You could see a wight.

Vanquished Creatures
  A phantom (D:4)
  2 scorpions (D:4)
  2 wights (D:5)
  A howler monkey (D:5)
  A hound (D:5)
  An orc priest (D:5)
  3 iguanas
  Jessica (D:3)
  5 adders
  7 gnolls
  An ufetubus (D:5)
  A worm (D:2)
  3 dart slugs
  10 orcs
  5 ball pythons
  4 endoplasms
  6 giant cockroaches
  7 goblins
  5 hobgoblins
  2 quokkas
  3 bats
  3 frilled lizards (D:3)
  9 kobolds
  6 rats
89 creatures vanquished.

Notes
Turn   | Place    | Note
-------+----------+-------------------------------------------
     0 | D:1      | Dawnplanks the Troll Shapeshifter began the quest for the
                  | Orb.
     0 | D:1      | Reached XP level 1. HP: 19/19 MP: 0/0
   306 | D:1      | Found a faded altar of an unknown god.
   383 | D:1      | Reached XP level 2. HP: 26/28 MP: 1/1
   817 | D:2      | Reached XP level 3. HP: 35/35 MP: 2/2
  1371 | D:3      | Found a shimmering altar of Xom.
  1432 | D:3      | Reached XP level 4. HP: 42/42 MP: 3/3
  1841 | D:3      | Noticed Jessica
  1846 | D:3      | Killed Jessica
  1847 | D:3      | Reached XP level 5. HP: 49/49 MP: 4/4
  1894 | D:3      | Found a snail-covered altar of Cheibriados.
  1894 | D:3      | Found a sparkling altar of Nemelex Xobeh.
  1894 | D:3      | Found a glowing silver altar of Zin.
  2257 | D:4      | Found a staircase to the Ecumenical Temple.
  2263 | Temple   | Entered the Ecumenical Temple
  2498 | Temple   | Became a worshipper of Ru the Awakened
  2695 | D:4      | Noticed a phantom
  2704 | D:4      | Killed a phantom
  2705 | D:4      | Reached XP level 6. HP: 57/57 MP: 5/5
  3239 | D:5      | Entered Level 5 of the Dungeon
  3268 | D:5      | Reached skill level 5 in Shapeshifting
  3291 | D:5      | Reached skill level 5 in Unarmed Combat
  3318 | D:5      | Reached XP level 7. HP: 65/65 MP: 6/6
  3325 | D:5      | Found an opulent altar of Gozag.
  3487 | D:5      | HP: 2/61 [wight/+1 long sword of freezing (4)]
  3488 | D:5      | Mangled by a wight

Illustrated notes

Levels and vault maps discovered:
D:1:      minmay_arrival_four_houses, layout_basic,
          dilly_ecumenical_altar_fadedgnrine
D:2:      layout_loops_ring, minmay_goblin_kobold_house
D:3:      layout_basic, xom_teletrap_fun, gammafunk_temple_overflow_claw,
          uniq_jessica
D:4:      layout_basic, minmay_temple_entry_waves
D:5:      layout_basic, kennysheep_mini,
          nicolae_gozag_cash_rules_everything_around_me
Temple:   jpeg_temple_alley_garden

Skill      XL: |  1  2  3  4  5  6 |
---------------+-------------------+-----
Unarmed Combat | 3 4 5 |  5.5
Shapeshifting  | 4 5 |  5.4
Dodging        | 2 |  2.4
Fighting       | 2 |  2.1

Action                     |  1- 3 |  4- 6 |  7- 9 || total
---------------------------+-------+-------+-------++-------
  Melee: Unarmed           |    58 |    97 |    23 ||   178
         Punch             |     2 |     5 |     3 ||    10
   Stab: Sleeping          |     1 |     1 |       ||     2
 Armour: Animal skin       |    10 |    19 |     2 ||    31
  Dodge: Dodged            |    17 |    46 |     7 ||    70

Table legend: (Time is in decaauts)
 A = Elapsed time spent in this place.
 B = Non-inter-level travel time spent in this place.
 C = Inter-level travel time spent in this place.
 D = Time resting spent in this place.
 E = Time spent auto-exploring this place.
 F = Levels seen in this place.
 G = Mean time per level.
                   A        B        C        D        E       F      G
               +--------+--------+--------+--------+--------+-----+--------+
         Total |   3475 |   3265 |    210 |      0 |   2772 |   6 |  579.2 |
       Dungeon |   3206 |   3087 |    119 |      0 |   2602 |   5 |  641.2 |
        Temple |    268 |    177 |     91 |      0 |    170 |   1 |  268.0 |
               +--------+--------+--------+--------+--------+-----+--------+

Top non-repeatable levels by time:
     D:4: 982 daAuts
     D:2: 692 daAuts
     D:1: 676 daAuts
     D:3: 610 daAuts
  Temple: 268 daAuts
     D:5: 245 daAuts
